AoeStats
← christar123 ten

Arabian Desert

509899252Analyzed
1v1 RM · 4d ago on Sep 28, 2026· 39m 31s· 2 players
Game mode
Random Map
Map size
Tiny (2 player)
Population
200
Speed
Normal
Resources
Standard
Victory
Conquest
Starting age
Dark Age
Ending age
Imperial Age
RankedLock teamsTeams togetherTeam positionsShared explorationLock speedFull tech treeHidden civsTurbo modeCheats
Victory
Defeat
🇩🇪 Saxons · Germany
2584
+2
🇬🇧 Malians · United Kingdom
2087
-2
NOC | Terz
6:36 Loom
8:40 Feudal Age
8:53 Man-at-Arms
9:25 Double-Bit Axe
13:01 Fletching
22:09 Castle Age
20:48 Padded Archer Armor
20:55 Scale Mail Armor
21:08 Horse Collar
21:19 Gold Mining
23:01 Bodkin Arrow
23:16 Squires
23:33 Chain Mail Armor
23:38 Bow Saw
23:21 Gambesons
27:00 Sanctity
26:59 Heavy Plow
30:26 Redemption
34:36 Wheelbarrow
34:22 Forging
35:03 Town Watch
38:58 Imperial Age
37:30 Clerical Recruitment
39:17 Hand Cart
40:06 Conscription
40:39 Plate Mail Armor
christar123 ten
6:57 Loom
9:18 Feudal Age
9:21 Man-at-Arms
9:47 Double-Bit Axe
12:55 Fletching
23:23 Castle Age
22:09 Scale Barding Armor
22:58 Bloodlines
22:42 Horse Collar
26:15 Chain Barding Armor
26:43 Husbandry
27:38 Bow Saw
31:52 Wheelbarrow
35:20 Bodkin Arrow
35:25 Padded Archer Armor
36:51 Ballistics
36:59 Leather Archer Armor
37:21 Thumb Ring
Connection lost

Rejoining the realm…

Still unreachable

The connection could not be restored.

Session expired

The server has moved on; the page needs a fresh start.